 Dungeon Crawl Stone Soup version 0.22-a0-571-g4a923d4b9e (webtiles) character file.

49 MirrMurr the Poker (level 3, -4/28 HPs)
             Began as a Demonspawn Gladiator on July 1, 2018.
             Slain by a gnoll
             ... wielding a +0 halberd
              (14 damage)
             ... on level 2 of the Dungeon.
             The game lasted 00:01:58 (873 turns).

MirrMurr the Poker (Demonspawn Gladiator)            Turns: 873, Time: 00:01:59

Health: -4/28      AC:  4    Str: 15    XL:     3   Next: 53%
Magic:  3/3        EV: 13    Int:  9    God:
Gold:   6          SH:  0    Dex: 14    Spells: 2/2 levels left

rFire    . . .     SeeInvis .   a - +0 trident
rCold    + . .     Gourm    .   (no shield)
rNeg     . . .     Faith    .   b - +0 leather armour
rPois    .         Spirit   .   c - +0 helmet
rElec    .         Reflect  .   (no cloak)
rCorr    .         Harm     .   (no gloves)
MR       .....                  (no boots)
Stlth    ++........             (no amulet)
HPRegen  0.09/turn              (no ring)
MPRegen  0.08/turn              (no ring)

@: no status effects
A: cold resistance 1, nightstalker 1
a: no special abilities


You were on level 2 of the Dungeon.
You were not hungry.

You visited 1 branch of the dungeon, and saw 2 of its levels.

You collected 6 gold pieces.

Inventory:

Hand Weapons
 a - a +0 trident (weapon)
Missiles
 d - 3 throwing nets {!f}
 e - 25 poisoned needles
 h - 58 stones (quivered)
Armour
 b - a +0 leather armour (worn)
 c - a +0 helmet (worn)
Jewellery
 j - an uncursed ring of protection from fire {unknown}
Scrolls
 i - a scroll of teleportation {unknown}
 k - a scroll of identify {unknown}
Potions
 l - a potion of lignification {unknown}
Comestibles
 f - a ration
 g - 3 chunks of flesh


   Skills:
 + Level 2.4 Fighting
 * Level 3.3 Polearms
 - Level 1.7 Throwing
 + Level 1.0 Armour
 + Level 3.0 Dodging


You had 2 spell levels left.
You didn't know any spells.
Your spell library was empty.

Dungeon Overview and Level Annotations

Branches:
Dungeon (2/15)

Altars:


Innate Abilities, Weirdness & Mutations

Your flesh is cold resistant. (rC+)
You are slightly more attuned to the shadows.


Message History

The gnoll is heavily wounded.
The gnoll hits you but does no damage.
You closely miss the gnoll.
The gnoll is heavily wounded.
The gnoll barely misses you. The gnoll completely misses you.
You hit the gnoll.
The gnoll is severely wounded.
The gnoll closely misses you. The gnoll hits you but does no damage.
You hit the gnoll.
You kill the gnoll!
Your Armour skill increases to level 1!
The bat barely misses you. The bat hits you but does no damage.
The gnoll closely misses you.
You puncture the bat!
You kill the bat!
The gnoll hits you from afar with a halberd!
You are too injured to fight recklessly!
The gnoll hits you from afar with a halberd!
Ouch! That really hurt!
You die...

######..####
#........#
#........#
#........#
#.......÷#
#........###
#........g.#
#........#†#
#........#@#
+........#.#
#........######.
#........'......
#........########
#................
#........########
.........
########


You could see a gnoll.

Vanquished Creatures
  A gnoll (D:2)
  A dart slug (D:1)
  5 bats
  6 giant cockroaches
  6 goblins (D:1)
  4 hobgoblins (D:1)
  4 jackals (D:1)
  4 frilled lizards (D:1)
  2 kobolds (D:1)
  A rat (D:2)
34 creatures vanquished.

Notes
Turn   | Place    | Note
-------+----------+-------------------------------------------
     0 | D:1      | MirrMurr the Demonspawn Gladiator began the quest for the Orb.
     0 | D:1      | Reached XP level 1. HP: 16/16 MP: 1/1
    86 | D:1      | Gained mutation: Your flesh is cold resistant. (rC+) [demonic ancestry]
    86 | D:1      | Reached XP level 2. HP: 19/22 MP: 2/2
   542 | D:1      | Gained mutation: You are slightly more attuned to the shadows. [demonic ancestry]
   542 | D:1      | Reached XP level 3. HP: 28/28 MP: 3/3
   871 | D:2      | Reached skill level 1 in Armour
   873 | D:2      | Slain by a gnoll

Vault maps used:
D:1:      tarquinn_simple_flora_water_f
D:2:      lemuel_crystal_altar, nicolae_qazlal_general_emergency,
          lemuel_old_faithful

Skill      XL: |  1  2  3 |
---------------+----------+-----
Polearms       | 3 |  3.3
Dodging        | 3 |  3.0
Armour         | 1 |  1.0
Fighting       | |  2.4
Throwing       | |  1.7

Action                   || total
-------------------------++-------
Melee: Trident           ||   117
Throw: Throwing net      ||     1
 Stab: Sleeping          ||     3
Armor: Leather armour    ||    31
Dodge: Dodged            ||    82

Table legend:
 A = Spawn XP
 B = Non-spawn XP
 C = Spawn XP percentage of total XP
 D = Spawn monster count
 E = Non-spawn monster count
 F = Spawn count percentage of total count
 G = Total turns spent on level
                    A         B        C        D         E        F      G
               +---------+---------+-------+---------+---------+-------+---------
         Total |       0 |      71 |   0.0 |       0 |      34 |   0.0 |   873
               +---------+---------+-------+---------+---------+-------+---------
           D:1 |       0 |      49 |   0.0 |       0 |      28 |   0.0 |   809
           D:2 |       0 |      22 |   0.0 |       0 |       6 |   0.0 |    64
               +---------+---------+-------+---------+---------+-------+---------
